 Dungeon Crawl Stone Soup version 0.24-a0-307-gf989941 (webtiles) character file.

Game seed: 17037371932075052950

4149 galech the Chopper (level 10, -6/76 HPs)
             Began as a Demonspawn Fighter on May 13, 2019.
             Was a Priest of Okawaru.
             Mangled by an orc warrior
             ... wielding a +0 glaive
              (18 damage)
             ... on level 8 of the Dungeon.
             The game lasted 00:10:57 (8768 turns).

galech the Chopper (Demonspawn Fighter)             Turns: 8768, Time: 00:10:57

Health: -6/76      AC:  9    Str: 16    XL:     10   Next: 7%
Magic:  10/10      EV: 11    Int:  9    God:    Okawaru [***...]
Gold:   273        SH:  0    Dex: 15    Spells: 9/9 levels left

rFire    . . .     SeeInvis .   d - +6 hand axe (vamp)
rCold    . . .     Gourm    +   c - +0 shield
rNeg     . . .     Faith    .   e - +2 ring mail {rPois}
rPois    +         Spirit   .   (no helmet)
rElec    .         Reflect  .   (no cloak)
rCorr    +         Harm     .   H - +0 pair of gloves
MR       .....                  (no boots)
Stlth    ..........             q - amulet of the gourmand
HPRegen  0.22/turn              r - ring of resist corrosion
MPRegen  0.12/turn              G - -2 ring of intelligence (curse)

@: confused
A: talons 1, large bone plates 2, powered by pain 2
a: Heroism, Renounce Religion


You were on level 8 of the Dungeon.
You worshipped Okawaru.
Okawaru was most pleased with you.
You were completely stuffed.

You visited 2 branches of the dungeon, and saw 9 of its levels.

You collected 423 gold pieces.
You spent 150 gold pieces at shops.

Inventory:

Hand Weapons
 a - a +0 war axe
 d - a +6 vampiric hand axe (weapon)
 t - a +2 whip of flaming
 C - a +2 hand axe of electrocution
Armour
 c - a +0 shield (worn)
 e - a +2 ring mail of poison resistance (worn)
 E - the +2 leather armour "Neipt" {SInv}
   (You found it on level 7 of the Dungeon)

   It lets you see invisible.
 H - a +0 pair of gloves (worn)
Jewellery
 q - an amulet of the gourmand (around neck)
 r - a ring of resist corrosion (left hand)
 B - a +6 ring of intelligence
 G - a cursed -2 ring of intelligence (right hand)
Wands
 b - a wand of flame (10)
 v - a wand of clouds (5)
 w - a wand of iceblast (16)
 x - a wand of random effects (25)
 y - a wand of acid (9)
Scrolls
 g - 2 scrolls of random uselessness
 h - 7 scrolls of teleportation
 l - 3 scrolls of enchant armour
 n - 4 scrolls of identify
 o - 2 scrolls of amnesia
 p - 3 scrolls of blinking
 u - 2 scrolls of remove curse
 A - 3 scrolls of magic mapping
 I - a scroll of acquirement {unknown}
Potions
 j - a potion of degeneration {unknown}
 k - 3 potions of haste
 m - a potion of agility {unknown}
 s - a potion of invisibility {unknown}
 z - a potion of lignification {unknown}
 D - a potion of ambrosia {unknown}
 F - 2 potions of cancellation {unknown}
Comestibles
 f - 14 rations


   Skills:
 + Level 6.1 Fighting
 + Level 7.7 Axes
 + Level 6.6 Armour
 + Level 4.3 Dodging
 + Level 1.2 Stealth
 + Level 6.8 Shields


You had 9 spell levels left.
You didn't know any spells.
Your spell library contained the following spells:

 Spells                   Type           Power        Failure   Level  Hunger
 Confusing Touch          Hex            #.....       90%         1    ##.....
 Confuse                  Hex            #.......     99%         3    ####...
 Gell's Gravitas          Tloc           #.........   99%         3    ####...
 Petrify                  Tmut/Erth      #.......     100%        4    #####..
 Metabolic Englaciation   Hex/Ice        #.........   100%        5    ######.
 Yara's Violent Unravell  Hex/Tmut       #.........   100%        5    ######.


Dungeon Overview and Level Annotations

Branches:
Dungeon (8/15)             Temple (1/1) D:4
   Lair: D:8-11

Altars:
Ashenzari
Cheibriados
Dithmenos
Elyvilon
Fedhas
Gozag
Hepliaklqana
Kikubaaqudgha
Makhleb
Nemelex Xobeh
Okawaru
Ru
Sif Muna
Trog
Vehumet
Wu Jian
Xom
Yredelemnul
Zin
The Shining One

Shops:
D:4 ?   D:6 *


Innate Abilities, Weirdness & Mutations

You have sharp toenails.
You are mostly covered in large bone plates. (SH +6)
You sometimes gain power by taking damage.


Message History

The orc warrior is heavily wounded.
You hit something.
You feel better.
You hear some strange, mumbled words.
You are confused.
The orc warrior closely misses you.
All of the chunks of flesh in your inventory have rotted away.
The orc warrior hits you with a +0 glaive.
* * * LOW HITPOINT WARNING * * *
Something hits you but does no damage.
You completely miss the orc warrior. Your kick misses the orc warrior.
The orc warrior is heavily wounded.
You miss something.
The orc warrior hits you with a +0 glaive!
* * * LOW HITPOINT WARNING * * *
Something hits you but does no damage.
You're too confused!
You completely miss something. You closely miss the orc warrior.
Something hits you but does no damage.
The orc warrior hits you with a +0 glaive!!
You die...

# ### # ... ##+#########
# #.. #........... .. #
#.# #........... #.#.
#.####...........
#...#+#................
####......^...##........
.......@o.....##........
####....{.....##........
#.....>....#########.
#.....†....# ##
#..........#
#..........#
#..........#
#..........# ##
#+#+###+#### #.


You could see an orc warrior.

Vanquished Creatures
  Pikel (D:5)
  A hippogriff (D:6)
  Sigmund (D:3)
  A wyvern (D:8)
  Menkaure (D:7)
  An ice beast (D:8)
  4 slaves
  2 phantoms
  4 orc warriors
  4 ogres
  2 centaurs
  2 big kobolds
  5 gnoll sergeants (D:7)
  4 killer bees (D:8)
  5 wights
  A howler monkey (D:3)
  4 crimson imps
  A bullfrog zombie (D:5)
  A bullfrog skeleton (D:6)
  2 hounds
  A gnoll shaman (D:8)
  6 orc priests
  A jelly (D:7)
  Jessica (D:2)
  9 orc wizards
  3 worker ants
  2 worker ant zombies
  2 howler monkey zombies (D:7)
  12 gnolls
  6 adders
  A shadow imp (D:6)
  An ooze (D:5)
  A worm (D:3)
  2 leopard geckos
  37 orcs
  4 bats
  4 giant cockroaches
  3 goblins
  5 hobgoblins
  5 jackals
  14 kobolds
  A quokka (D:5)
  9 frilled lizards
  A leopard gecko skeleton (D:5)
  4 rats
182 creatures vanquished.

Notes
Turn   | Place    | Note
-------+----------+-------------------------------------------
     0 | D:1      | galech the Demonspawn Fighter began the quest for the Orb.
     0 | D:1      | Reached XP level 1. HP: 18/18 MP: 1/1
   248 | D:1      | Gained mutation: You are partially covered in large bone
                  | plates. (SH +4) [demonic ancestry]
   248 | D:1      | Reached XP level 2. HP: 24/24 MP: 2/2
   567 | D:2      | Reached skill level 2 in Axes
   672 | D:2      | Gained mutation: You sometimes gain a little power by
                  | taking damage. [demonic ancestry]
   672 | D:2      | Reached XP level 3. HP: 25/29 MP: 3/3
   699 | D:2      | Noticed Jessica
   702 | D:2      | Killed Jessica
   820 | D:2      | Reached XP level 4. HP: 21/35 MP: 4/4
  1456 | D:3      | Reached XP level 5. HP: 26/41 MP: 5/5
  1857 | D:3      | Noticed Sigmund
  1872 | D:3      | Killed Sigmund
  1872 | D:3      | Reached skill level 3 in Axes
  1872 | D:3      | Gained mutation: You have sharp toenails. [demonic
                  | ancestry]
  1872 | D:3      | Reached XP level 6. HP: 46/48 MP: 6/6
  2121 | D:3      | Reached skill level 1 in Dodging
  2945 | D:4      | Found Byorunk's Magic Scroll Emporium.
  2971 | D:4      | Reached skill level 4 in Axes
  2971 | D:4      | Reached XP level 7. HP: 41/54 MP: 7/7
  3517 | D:4      | Found a staircase to the Ecumenical Temple.
  3534 | Temple   | Entered the Ecumenical Temple
  3694 | Temple   | Became a worshipper of Warmaster Okawaru
  4067 | D:4      | Bought a scroll of enchant weapon for 75 gold pieces
  4067 | D:4      | Bought a scroll of enchant weapon for 75 gold pieces
  4079 | D:5      | Entered Level 5 of the Dungeon
  4300 | D:5      | Noticed Pikel
  4669 | D:5      | Killed Pikel
  4669 | D:5      | Reached skill level 5 in Axes
  4669 | D:5      | Reached skill level 5 in Armour
  4669 | D:5      | Reached skill level 5 in Shields
  4669 | D:5      | Gained mutation: You sometimes gain power by taking damage.
                  | [demonic ancestry]
  4669 | D:5      | Reached XP level 8. HP: 40/61 MP: 8/8
  5679 | D:6      | Reached * piety under Okawaru
  6031 | D:5      | Reached skill level 5 in Fighting
  6138 | D:6      | Reached skill level 6 in Axes
  6269 | D:6      | Found Ecran's Assorted Antiques.
  6684 | D:7      | Got a dazzling leather armour
  6695 | D:7      | Identified the +2 leather armour "Neipt" {SInv} (You found
                  | it on level 7 of the Dungeon)
  6718 | D:7      | Noticed Menkaure
  6728 | D:7      | Killed Menkaure
  6728 | D:7      | Reached XP level 9. HP: 20/68 MP: 9/9
  6761 | D:7      | HP: 3/68 [orc warrior/cursed -3 falchion (14)]
  6783 | D:6      | Reached ** piety under Okawaru
  6783 | D:6      | Reached skill level 1 in Stealth
  7388 | D:7      | Reached skill level 7 in Axes
  8030 | D:8      | Reached *** piety under Okawaru
  8459 | D:8      | Gained mutation: You are mostly covered in large bone
                  | plates. (SH +6) [demonic ancestry]
  8459 | D:8      | Reached XP level 10. HP: 55/76 MP: 10/10
  8768 | D:8      | Mangled by an orc warrior

Levels and vault maps discovered:
D:1:      ncdulo_lavacross, layout_loops_cross
D:2:      layout_rooms, uniq_jessica
D:3:      layout_loops_ring, first_ration, uniq_sigmund
D:4:      layout_gridville, minmay_temple_entry_slanted,
          serial_co_window_serial, co_window_corner_a, co_window_corner_a,
          co_window_paths_a, co_window_paths_a, co_window_paths_a,
          co_window_broadway_b, co_window_corner_ca, co_window_broadway_c,
          glass_columns_b, glass_columns_a, glass_columns_a,
          kennysheep_small_circle
D:5:      layout_gridville, uniq_pikel
D:6:      layout_basic, serial_shops, shop_fountains
D:7:      layout_gridville, sword_in_stone, uniq_menkaure
D:8:      layout_basic, lemuel_crystal_altar
Temple:   roderic_octagonal_lattice_temple

Skill      XL: |  1  2  3  4  5  6  7  8  9 |
---------------+----------------------------+-----
Axes           | 2 3 4 5 6 7 |  7.7
Shields        | 3 4 5 6 |  6.8
Armour         | 3 4 5 6 |  6.6
Dodging        | 1 2 3 4 |  4.3
Fighting       | 4 5 6 |  6.1
Stealth        | 1 |  1.2

Action                   |  1- 3 |  4- 6 |  7- 9 | 10-12 || total
-------------------------+-------+-------+-------+-------++-------
Melee: War axe           |    67 |   113 |    22 |       ||   202
       Kick              |       |    12 |   123 |    14 ||   149
       Hand axe          |       |       |   424 |    43 ||   467
  Use: Potion            |       |     3 |     5 |       ||     8
       Scroll            |       |       |    13 |       ||    13
 Stab: Sleeping          |       |       |     1 |       ||     1
  Eat: Chunk             |       |    13 |    29 |     1 ||    43
Armor: Ring mail         |    34 |    51 |    99 |    13 ||   197
Dodge: Dodged            |    11 |    43 |   170 |    11 ||   235
Block: Shield            |    55 |    99 |   362 |    31 ||   547

Table legend:
 A = Non-vault XP
 B = Vault XP
 C = Vault XP percentage of total XP
 D = Non-vault monster count
 E = Vault monster count
 F = Vault count percentage of total count
                 A         B        C        D         E       F
            +---------+---------+-------+---------+---------+-------
      Total |    4387 |    1541 |  26.0 |     168 |      10 |   5.6
            +---------+---------+-------+---------+---------+-------
        D:1 |      15 |       0 |   0.0 |       9 |       0 |   0.0
        D:2 |      53 |      37 |  41.1 |      11 |       1 |   8.3
        D:3 |     427 |     231 |  35.1 |      34 |       1 |   2.9
        D:4 |     102 |     131 |  56.2 |      10 |       1 |   9.1
        D:5 |     632 |     586 |  48.1 |      26 |       1 |   3.7
        D:6 |     803 |      81 |   9.2 |      20 |       1 |   4.8
        D:7 |     792 |     475 |  37.5 |      27 |       5 |  15.6
        D:8 |    1563 |       0 |   0.0 |      31 |       0 |   0.0
            +---------+---------+-------+---------+---------+-------
